 Dungeon Sprint DCSS version 0.28-a0-1415-g7c84da036a (webtiles) character file.

Game seed: 11017136836627645913

266 boopmooplesden the Cleaver (level 9, 58/58 HPs)
             Began as a Tengu Berserker on Dec 4, 2021.
             Was a High Priest of Trog.
             Got out of the dungeon alive.
             The game lasted 00:05:55 (750 turns).

boopmooplesden the Cleaver (Tengu Berserker)         Turns: 750, Time: 00:05:55

Health: 58/58      AC: 14    Str: 19    XL:     9   Next: 0%
Magic:  10/10      EV: 12    Int:  5    God:    Trog [*****.]
Gold:   411        SH:  5    Dex: 22    Spells: 8/8 levels left

rFire   + + +      SeeInvis .   r - +11 war axe of Brawling {vorpal, Dex+7}
rCold   + . .      Faith    .   (no shield)
rNeg    . . .      Spirit   .   q - +0 plate armour
rPois   +          Reflect  +   (helmet restricted)
rElec   .          Harm     .   p - +0 cloak
rCorr   +          Rampage  .   (no gloves)
Will    .....      NoTele   +   (boots unavailable)
Stlth   ..........              o - amulet of Dogihik {Reflect rF+ SH+5}
HPRegen 0.19/turn               m - ring of Impatience {Wiz rF+ rCorr Slay+6}
MPRegen 0.12/turn               n - ring "Fiqaria" {*Slow rPois rF+ rC+ Stlth+}

@: flying quickly and evasively, quick
A: beak, talons 3, nimble flight, clumsy 1, dopey 1, frail 1
a: Renounce Religion, Berserk, Trog's Hand, Brothers in Arms


You escaped.
You worshipped Trog.
Trog was extremely pleased with you.
You visited 1 branch You collected 600 gold pieces.
You spent 189 gold pieces at shops.

Inventory:

Hand Weapons
 a - a +0 hand axe
 r - the +11 war axe of Brawling (weapon) {vorpal, Dex+7}
   (Trog gifted it to you in the Dungeon)

   It inflicts extra damage upon your enemies.
   Dex:       It affects your dexterity (+7).
Armour
 b - a +0 animal skin
 p - a +0 cloak (worn)
 q - a +0 plate armour (worn)
Jewellery
 m - the ring of Impatience (left hand) {Wiz rF+ rCorr Slay+6}
   (You bought it in a shop in the Dungeon)

   [ring of wizardry]

   It improves your spell success rate.
   Slay:      It affects your accuracy & damage with ranged weapons and melee
   (+6).
   rF:        It protects you from fire.
   rCorr:     It protects you from acid and corrosion.
 n - the ring "Fiqaria" (right hand) {*Slow rPois rF+ rC+ Stlth+}
   (You bought it in a shop in the Dungeon)

   [ring of protection from cold]

   rF:        It protects you from fire.
   rC:        It protects you from cold.
   rPois:     It protects you from poison.
   *Slow:     It may slow you when you take damage.
   Stlth:     It makes you more stealthy.
 o - the amulet of Dogihik (around neck) {Reflect rF+ SH+5}
   (You bought it in a shop in the Dungeon)

   [amulet of reflection]

   It reflects blocked missile attacks.
   rF:        It protects you from fire.
   SH:        It affects your SH (+5).
Wands
 j - a wand of acid (5)
 k - a wand of iceblast (5)
Scrolls
 h - 4 scrolls of blinking
 l - 3 scrolls of fog
Potions
 c - a potion of curing
 d - 2 potions of heal wounds
 e - 4 potions of haste
 f - 2 potions of magic
 g - a potion of berserk rage
 i - a potion of resistance


   Skills:
 + Level 12.0 Fighting
 + Level 13.9 Axes
 + Level 7.1 Armour
 + Level 7.8 Dodging
 + Level 2.5 Stealth
 + Level 1.1 Shields


You had 8 spell levels left.
You didn't know any spells.
Your spell library was empty.

Dungeon Overview and Level Annotations

Branches:
Dungeon (1/1)

Altars:
Cheibriados
Dithmenos
Fedhas
Gozag
Kikubaaqudgha
Makhleb
Okawaru
Qazlal
Ru
Sif Muna
Trog
Uskayaw
Vehumet
Wu Jian
Xom
Yredelemnul
Zin
The Shining One
Beogh
Jiyva
Lugonu

Shops:
D *[??*?*:[((!!!!


Innate Abilities, Weirdness & Mutations

You have a beak for a mouth.
You have claws for feet.
Your magical nature lets you fly swiftly and evasively.
You are clumsy. (Dex -2)
You are dopey. (Int -2)
You are frail. (-10% HP)


Message History

notify_dgn_event: Lua error: [string "global_prelude"]:54: Not a monster spell: 'teleport self' notify_dgn_event: Lua error: [string "global_prelude"]:54: Not a monster spell: 'teleport self' notify_dgn_event: Lua error: [string "global_prelude"]:54: Not a monster spell: 'teleport self'
Things that are here:
a +0 short sword; an orc skeleton notify_dgn_event: Lua error: [string "global_prelude"]:54: Not a monster spell: 'teleport self' notify_dgn_event: Lua error: [string "global_prelude"]:54: Not a monster spell: 'teleport self' notify_dgn_event: Lua error: [string "global_prelude"]:54: Not a monster spell: 'teleport self' notify_dgn_event: Lua error: [string "global_prelude"]:54: Not a monster spell: 'teleport self' notify_dgn_event: Lua error: [string "global_prelude"]:54: Not a monster spell: 'teleport self' notify_dgn_event: Lua error: [string "global_prelude"]:54: Not a monster spell: 'teleport self' notify_dgn_event: Lua error: [string "global_prelude"]:54: Not a monster spell: 'teleport self' notify_dgn_event: Lua error: [string "global_prelude"]:54: Not a monster spell: 'teleport self' notify_dgn_event: Lua error: [string "global_prelude"]:54: Not a monster spell: 'teleport self' notify_dgn_event: Lua error: [string "global_prelude"]:54: Not a monster spell: 'teleport self' notify_dgn_event: Lua error: [string "global_prelude"]:54: Not a monster spell: 'teleport self' notify_dgn_event: Lua error: [string "global_prelude"]:54: Not a monster spell: 'teleport self'
There is a spawn point here. notify_dgn_event: Lua error: [string "global_prelude"]:54: Not a monster spell: 'teleport self' notify_dgn_event: Lua error: [string "global_prelude"]:54: Not a monster spell: 'teleport self' notify_dgn_event: Lua error: [string "global_prelude"]:54: Not a monster spell: 'teleport self' notify_dgn_event: Lua error: [string "global_prelude"]:54: Not a monster spell: 'teleport self' notify_dgn_event: Lua error: [string "global_prelude"]:54: Not a monster spell: 'teleport self' notify_dgn_event: Lua error: [string "global_prelude"]:54: Not a monster spell: 'teleport self' notify_dgn_event: Lua error: [string "global_prelude"]:54: Not a monster spell: 'teleport self' notify_dgn_event: Lua error: [string "global_prelude"]:54: Not a monster spell: 'teleport self'
Things that are here:
a +0 robe; a +1 flail notify_dgn_event: Lua error: [string "global_prelude"]:54: Not a monster spell: 'teleport self' notify_dgn_event: Lua error: [string "global_prelude"]:54: Not a monster spell: 'teleport self' notify_dgn_event: Lua error: [string "global_prelude"]:54: Not a monster spell: 'teleport self' notify_dgn_event: Lua error: [string "global_prelude"]:54: Not a monster spell: 'teleport self' notify_dgn_event: Lua error: [string "global_prelude"]:54: Not a monster spell: 'teleport self' notify_dgn_event: Lua error: [string "global_prelude"]:54: Not a monster spell: 'teleport self' notify_dgn_event: Lua error: [string "global_prelude"]:54: Not a monster spell: 'teleport self'
There is a staircase leading out of the dungeon here.
There are no items here.
Are you sure you want to leave the Dungeon?
This will make you lose the game! notify_dgn_event: Lua error: [string "global_prelude"]:54: Not a monster spell: 'teleport self' You have escaped!

#_......._# ###.........###
#⌠.....)..)).⌠#
######.8.........8.######
##..__......###......_._∩##
###∩........8.# #.8........∩###
##.............###.............##
#⌠.[........###...###..[.......⌠#
#⌠..........# #.@.# #..........⌠#
#⌠..........###...###..........⌠#
##.............###.............##
###∩........8.# #.8........∩###
##∩___......###......__.∩##
######.8.........8.######
#⌠...........⌠# ###.........###
#_......._#


There were no monsters in sight!

Vanquished Creatures
  An orc knight (D)
  Sigmund (D)
  6 neqoxecs (D)
  2 ogres (D)
  A wight (D)
  2 orc priests (D)
  An adder skeleton (D)
  An orc (D)
  2 bats (D)
  A bat skeleton (D)
  An endoplasm (D)
  A ball python skeleton (D)
  A quokka zombie (D)
  A rat (D)
22 creatures vanquished.

Notes
Turn   | Place    | Note
-------+----------+-------------------------------------------
     0 | D        | boopmooplesden the Tengu Berserker began the quest for the
                  | Orb.
     0 | D        | Reached XP level 1. HP: 14/14 MP: 2/2
     0 | D        | Found a radiant altar of Vehumet.
     0 | D        | Found an ornate altar of the Wu Jian Council.
     3 | D        | Found a shimmering altar of Xom.
     3 | D        | Found an ancient bone altar of Kikubaaqudgha.
     4 | D        | Found a hide-covered altar of Uskayaw.
     4 | D        | Found a shimmering blue altar of Sif Muna.
     5 | D        | Found a glowing golden altar of the Shining One.
     5 | D        | Round 1.
     6 | D        | Found Cont's Identification Station.
     6 | D        | Found a sacrificial altar of Ru.
     6 | D        | Found a basalt altar of Yredelemnul.
     7 | D        | Found Wezib's Advanced Armour.
     7 | D        | Found Yneiboo's Jewellery.
     9 | D        | Found a glowing silver altar of Zin.
    15 | D        | Bought a warped amber ring for 45 gold pieces
    15 | D        | Identified the ring of Impatience {Wiz rF+ rCorr Slay+6}
                  | (You bought it in a shop in the Dungeon)
    15 | D        | Bought a translucent pewter ring for 45 gold pieces
    15 | D        | Identified the ring "Fiqaria" {*Slow rPois rF+ rC+ Stlth+}
                  | (You bought it in a shop in the Dungeon)
    15 | D        | Bought a brightly glowing diamond amulet for 45 gold pieces
    15 | D        | Identified the amulet of Dogihik {Reflect rF+ SH+5} (You
                  | bought it in a shop in the Dungeon)
    26 | D        | Found a burning altar of Makhleb.
    29 | D        | Found a blossoming altar of Fedhas.
    30 | D        | Found a snail-covered altar of Cheibriados.
    30 | D        | Found an opulent altar of Gozag.
    30 | D        | Found a stormy altar of Qazlal.
    30 | D        | Found Riprun's Magic Scroll Shop.
    30 | D        | Found Cavuq's Staff Store.
    31 | D        | Found Ysasomno's Magic Scroll Shop.
    31 | D        | Found Myus Osm's Must-Have Magic.
    34 | D        | Found a corrupted altar of Lugonu.
    36 | D        | Found a viscous altar of Jiyva.
    37 | D        | Found Zurarch's Distillery.
    50 | D        | Found a bloodstained altar of Trog.
    50 | D        | Found an iron altar of Okawaru.
    51 | D        | Found a shadowy altar of Dithmenos.
    52 | D        | Found Ociw's Weapon Rack.
    52 | D        | Found Foufafy's Premium Goods.
    53 | D        | Found Soxar's Basic Armour.
    53 | D        | Found Iblobih's Miscellaneous Merchandise.
    61 | D        | Bought a +0 cloak for 54 gold pieces
    90 | D        | Reached ** piety under Trog
    91 | D        | Reached skill level 4 in Axes
    92 | D        | Found Raon's Distillery.
    92 | D        | Found Jyaschyp's Bottled Wisdom.
    92 | D        | Found Genil's Do-It-Yourself Clinic.
    93 | D        | Noticed a wight
   102 | D        | Killed a wight
   103 | D        | Reached skill level 5 in Fighting
   103 | D        | Reached skill level 5 in Axes
   103 | D        | Reached XP level 2. HP: 12/21 MP: 3/3
   103 | D        | Reached XP level 3. HP: 16/26 MP: 4/4
   126 | D        | Arena points: 12 (+12) [x2]
   153 | D        | Round 2.
   154 | D        | Noticed Sigmund
   159 | D        | Killed Sigmund
   159 | D        | Reached *** piety under Trog
   160 | D        | Reached skill level 8 in Axes
   160 | D        | Reached XP level 4. HP: 30/35 MP: 5/5
   160 | D        | Gained mutation: Your magical nature lets you fly swiftly
                  | and evasively. [Tengu growth]
   160 | D        | Reached XP level 5. HP: 33/39 MP: 6/6
   280 | D        | Reached **** piety under Trog
   280 | D        | Arena points: 54 (+42) [x3]
   351 | D        | Round 3.
   368 | D        | Noticed an orc knight
   373 | D        | Noticed an ogre
   375 | D        | Noticed an ogre
   386 | D        | Reached skill level 9 in Axes
   386 | D        | Reached skill level 5 in Dodging
   386 | D        | Reached XP level 6. HP: 44/44 MP: 7/7
   395 | D        | Reached skill level 5 in Armour
   399 | D        | Reached skill level 10 in Axes
   404 | D        | Reached XP level 7. HP: 51/51 MP: 8/8
   416 | D        | Killed an orc knight
   416 | D        | Reached ***** piety under Trog
   417 | D        | Reached skill level 10 in Fighting
   417 | D        | Reached skill level 12 in Axes
   417 | D        | Reached skill level 1 in Stealth
   417 | D        | Reached XP level 8. HP: 43/59 MP: 9/9
   418 | D        | Noticed Urug
   426 | D        | Arena points: 126 (+72) [x4]
   437 | D        | Round 4.
   441 | D        | Gained mutation: You are dopey. (Int -2) [a neqoxec]
   446 | D        | Gained mutation: You are clumsy. (Dex -2) [a neqoxec]
   472 | D        | Reached skill level 13 in Axes
   472 | D        | Reached skill level 1 in Shields
   480 | D        | Gained mutation: You are frail. (-10% HP) [a neqoxec]
   481 | D        | Identified the +11 war axe of Brawling {vorpal, Dex+7}
                  | (Trog gifted it to you in the Dungeon)
   481 | D        | Received a gift from Trog
   487 | D        | Arena points: 266 (+140) [x5]
   488 | D        | Reached XP level 9. HP: 45/58 MP: 10/10
   524 | D        | Round 5.
   563 | D        | Upgraded the game from 0.28-a0-991-g956f0ee3d5 to
                  | 0.28-a0-1415-g7c84da036a
   750 | D        | Got out of the dungeon alive.

Illustrated notes

Levels and vault maps discovered:
D:        arena_sprint

Skill      XL: |  1  2  3  4  5  6  7  8 |
---------------+-------------------------+-----
Axes           | 5 8 9 10 12 13 | 13.9
Fighting       | 5 7 8 9 10 12 | 12.0
Armour         | 3 4 5 6 7 |  7.1
Dodging        | 3 4 5 6 7 |  7.8
Stealth        | 1 2 |  2.5
Shields        | 1 |  1.1

Action                   |  1- 3 |  4- 6 |  7- 9 || total
-------------------------+-------+-------+-------++-------
Melee: Hand axe          |    12 |    17 |    45 ||    74
       Kick              |     2 |    12 |    11 ||    25
       Peck              |     1 |     3 |     7 ||    11
Invok: Berserk           |     2 |       |     1 ||     3
  Use: Potion            |       |     1 |     1 ||     2
Armor: Animal skin       |     2 |       |       ||     2
       Skin              |       |       |     1 ||     1
Dodge: Dodged            |     3 |     5 |    16 ||    24
Block: Other             |     2 |     1 |     2 ||     5

Table legend: (Time is in decaauts)
 A = Elapsed time spent in this place.
 B = Non-inter-level travel time spent in this place.
 C = Inter-level travel time spent in this place.
 D = Time resting spent in this place.
 E = Time spent auto-exploring this place.
 F = Levels seen in this place.
 G = Mean time per level.
                   A        B        C        D        E       F      G
               +--------+--------+--------+--------+--------+-----+--------+
         Total |    740 |    740 |      0 |    186 |      0 |   1 |  740.0 |
       Dungeon |    740 |    740 |      0 |    186 |      0 |   1 |  740.0 |
               +--------+--------+--------+--------+--------+-----+--------+

Top non-repeatable levels by time:
       D: 740 daAuts
